 Dungeon Crawl Stone Soup version 0.32-a0-612-g1c984fe9d1 (webtiles) character file.

Game seed: 15245292639648451885

312 gimp the Slasher (level 6, -5/43 (47) HPs)
             Began as a Coglin Artificer on Mar 4, 2024.
             Slain by a wight
             ... wielding a +0 dire flail
              (6 damage)
             ... on level 3 of the Dungeon.
             The game lasted 00:03:43 (2587 turns).

gimp the Slasher (Coglin Artificer)                 Turns: 2587, Time: 00:03:44

HP:   -5/43 (47)    AC:  8    Str: 12    XL:     6   Next: 42%
MP:   6/6           EV:  9    Int: 11    God:
Gold: 201           SH:  0    Dex: 16    Spells: 5/5 levels left

rFire   + . .        a - +0 dagger {Malki}
rCold   . . .        b - +2 short sword (speed) {Paullus}
rNeg    . . .        r - +2 scale mail {rF+}
rPois   .            (no helmet)
rElec   .            (no cloak)
rCorr   .            (no gloves)
SInv    .            (no boots)
Will    .....        (amulet unavailable) Stlth
                     (ring unavailable)
HPRegen 0.27/turn    (ring unavailable)
MPRegen 0.10/turn    (no gizmo)

%: no passive effects
@: drained, revved
A: off-hand wielding, slow wielding, warmup strikes, no jewellery
a: Invent Gizmo


You were on level 3 of the Dungeon.
You visited 1 branch of the dungeon, and saw 4 of its levels.

You collected 201 gold pieces.

Inventory:

Hand Weapons
 a - a +0 dagger (weapon) {Malki}
 b - a +2 short sword of speed (offhand) {Paullus}
Armour
 n - a +0 leather armour
 r - a +2 scale mail of fire resistance (worn)
Wands
 c - a wand of flame (14)
 d - a wand of charming (15)
 e - a wand of iceblast (3)
Scrolls
 f - a scroll of blinking {unknown}
 h - a scroll of immolation {unknown}
 k - a scroll of brand weapon {unknown}
 l - 2 scrolls of identify {unknown}
 m - 2 scrolls of revelation {unknown}
 o - a scroll of fog {unknown}
 s - a scroll of vulnerability {unknown}
Potions
 g - 2 potions of mutation {unknown}
 i - a potion of ambrosia {unknown}
 j - a potion of enlightenment {unknown}
 p - a potion of curing {unknown}
 q - a potion of might {unknown}


   Skills:
 + Level 3.1 Fighting
 * Level 4.2 Long Blades
 - Level 1.7 Armour
 + Level 2.8 Dodging
 - Level 0.7 Stealth
 - Level 4.0 Evocations


You had 5 spell levels left.
You didn't know any spells.
Your spell library was empty.

Dungeon Overview and Level Annotations

Branches:
Dungeon (4/15)
 Temple: D:4-7

Altars:
Cheibriados
Kikubaaqudgha
Qazlal
Sif Muna
Vehumet

Shops:
D:1 [

Annotations:
D:2 1 runed translucent door, exclusion: door, Crazy Yiuf


Innate Abilities, Weirdness & Mutations

You can wield a second weapon in your off-hand.
It takes a long time for you to wield or remove held weapons.
Your first few attacks do less damage.
You cannot equip rings or amulets.


Message History

You now have 195 gold pieces (gained 10).
You see here a +0 dagger.
You see here a +0 spear.
Found a radiant altar of Vehumet.
Found three altars.
Found an ancient bone altar of Kikubaaqudgha.
You now have 201 gold pieces (gained 6).
Unknown command.
There is a snail-covered altar of Cheibriados here.
You see here a +0 spear.
You see here 3 stones.
There is a stone staircase leading up, spattered with blood here.
Things that are here:
a +0 flail; a gnoll skeleton Terence the Incautious comes into view.
He is wielding a +0 flail and wearing a +2 scale mail of fire resistance.
Terence shouts!
Aiming: Iceblast
Press: ? - help, Shift-Dir - straight line, f - Terence
Aim: Terence, wielding a +0 flail and wearing a +2 scale mail of fire resistance The mass of ice explodes!
The iceblast engulfs Terence!
Terence is severely wounded.
Aiming: Iceblast
Press: ? - help, Shift-Dir - straight line, f/p - Terence
Aim: Terence, wielding a +0 flail and wearing a +2 scale mail of fire resistance (severely wounded)
The mass of ice explodes!
The iceblast engulfs Terence!
You kill Terence!
Things that are here:
a +0 flail; a +2 scale mail of fire resistance; the human corpse of Terence
r - a +2 scale mail of fire resistance
Found 5 stones.
You start removing your armour.
You continue removing your +0 leather armour. x4
You finish removing your +0 leather armour.
You start putting on your armour.
You continue putting on your +2 scale mail of fire resistance. x5
You finish putting on your +2 scale mail of fire resistance.
You feel resistant to fire.
s - a scroll labelled NOULEU FUVE
Things that are here:
a +0 flail; the human corpse of Terence You see here a +0 whip.
Found a faded altar of an unknown god.
There is a faded altar of an unknown god here.
There is a faded altar of an unknown god here.
You see here a +0 whip.
Done exploring.
Done exploring.
You see here an adder skeleton.
There is an escape hatch in the floor here.
You see here a +0 shortbow.
There is a stone staircase leading down here.
You climb downwards.
The kobold shouts!
There is a stone staircase leading up here.
There are monsters nearby!
There are monsters nearby!
The kobold throws a stone.
The stone hits you but does no damage. The wight hits you with a +0 dagger.
You feel drained. The wight barely misses you.
You climb upwards.
There is a stone staircase leading down here.
You take 4 damage, and have 43/46 hp.
You hit the wight but do no damage.
You hit the wight with your +2 short sword of speed.
You hit the wight with your +2 short sword of speed.
The wight is heavily damaged.
You closely miss the wight with your +0 dagger.
The wight hits you with a +0 dagger.
You feel drained.
The wight hits you with a +0 dire flail!
You take 15 damage, and have 28/45 hp.
MASSIVE DAMAGE!!
You hit the wight with your +2 short sword of speed.
The wight is severely damaged.
You hit the wight with your +0 dagger. The wight closely misses you. x2
You closely miss the wight with your +2 short sword of speed.
The wight is almost destroyed.
You hit the wight but do no damage.
You barely miss the wight with your +0 dagger.
The wight is almost destroyed.
You barely miss the wight with your +2 short sword of speed.
The wight hits you but does no damage.
The wight hits you with a +0 dire flail!
You feel drained.
* * * LOW HITPOINT WARNING * * *
You take 19 damage, and have 9/44 hp.
MASSIVE DAMAGE!!
You are too injured to fight recklessly!
You are too injured to fight recklessly!
You hit the wight but do no damage.
The wight is almost destroyed.
You hit the wight but do no damage. The wight hits you with a +0 dagger.
* * * LOW HITPOINT WARNING * * *
You feel drained.
* * * LOW HITPOINT WARNING * * *
The wight hits you with a +0 dire flail.
* * * LOW HITPOINT WARNING * * *
You take 8 damage, and have 1/43 hp.
You hit the wight but do no damage.
The wight is almost destroyed.
You hit the wight but do no damage. The wight barely misses you.
The wight hits you with a +0 dire flail.
You die...

##### #...############
#......z@z.)..÷#
#...##########.#####
##########.#####.........>.#
...........>......####.###.#
## ............####..#
#.###.#####.
.#########..####..#
#.....÷..).. .#
######..##....# #######....#
.# #..........#..# #...#..
.# #........)...## #...###


You could see 2 wights.

Vanquished Creatures
  A centaur (D:3)
  Jessica (D:2)
  Natasha (twice) (D:2)
  Terence (D:3)
  4 gnolls
  5 adders
  A dart slug (D:1)
  A ribbon worm (D:3)
  An orc (D:3)
  5 endoplasms
  A giant cockroach (D:2)
  8 hobgoblins
  A quokka (D:1)
  A ball python (D:3)
  5 bats
  A frilled lizard (D:1)
  4 goblins
  8 kobolds
  4 rats
55 creatures vanquished.

Notes
Turn   | Place    | Note
-------+----------+-------------------------------------------
     0 | D:1      | gimp the Coglin Artificer began the quest for the Orb.
     0 | D:1      | Reached XP level 1. HP: 15/15 MP: 1/1
   111 | D:1      | Reached skill level 1 in Dodging
   130 | D:1      | Found Yvycoosu's Armour Shoppe.
   242 | D:1      | Reached skill level 1 in Long Blades
   242 | D:1      | Reached XP level 2. HP: 18/21 MP: 2/2
   770 | D:2      | Reached XP level 3. HP: 25/26 MP: 3/3
   888 | D:2      | Noticed Jessica
   903 | D:2      | Killed Jessica
   904 | D:2      | Reached XP level 4. HP: 22/33 MP: 4/4
  1098 | D:2      | Noticed Natasha
  1110 | D:2      | Killed Natasha
  1257 | D:2      | Noticed Natasha
  1262 | D:2      | Killed Natasha
  1263 | D:2      | Reached XP level 5. HP: 31/39 MP: 5/5
  1485 | D:2      | Found a runed translucent door.
  1486 | D:2      | Noticed Crazy Yiuf
  2145 | D:3      | Noticed a centaur
  2159 | D:3      | Killed a centaur
  2160 | D:3      | Reached XP level 6. HP: 19/47 MP: 6/6
  2345 | D:3      | Found a radiant altar of Vehumet.
  2346 | D:3      | Found a snail-covered altar of Cheibriados.
  2346 | D:3      | Found a stormy altar of Qazlal.
  2346 | D:3      | Found a shimmering blue altar of Sif Muna.
  2350 | D:3      | Found an ancient bone altar of Kikubaaqudgha.
  2392 | D:3      | Noticed Terence
  2396 | D:3      | Killed Terence
  2430 | D:3      | Found a faded altar of an unknown god.
  2586 | D:3      | HP: 1/43 [wight/+0 dire flail (4)]
  2587 | D:3      | Slain by a wight

Illustrated notes

Levels and vault maps discovered:
D:1:      eino_arrival_water_cross, layout_basic, serial_shops,
          nicolae_shop_peninsula, kennysheep_decorative_pillar
D:2:      layout_basic, uniq_natasha, uniq_crazy_yiuf_cottage, uniq_jessica
D:3:      layout_loops_ring, minitemple, chequers_ecumenical_altar_twisty,
          nicolae_grassy_gnolls, uniq_terence
D:4:      layout_basic, good_gods_mini_temple, nicolae_ru_path_of_blood

Skill      XL: |  1  2  3  4  5 |
---------------+----------------+-----
Dodging        | 1 2 |  2.8
Long Blades    | 1 2 3 4 |  4.2
Fighting       | 2 3 |  3.1
Armour         | |  1.7
Stealth        | |  0.7
Evocations     | |  4.0

Action                     |  1- 3 |  4- 6 || total
---------------------------+-------+-------++-------
  Melee: Dagger            |   135 |   106 ||   241
         Club              |     5 |       ||     5
         Short sword       |       |    96 ||    96
  Evoke: Wand              |     1 |     2 ||     3
   Stab: Sleeping          |     2 |     2 ||     4
 Armour: Leather armour    |    48 |    56 ||   104
         Scale mail        |       |     9 ||     9
  Dodge: Dodged            |    33 |    60 ||    93

Table legend: (Time is in decaauts)
 A = Elapsed time spent in this place.
 B = Non-inter-level travel time spent in this place.
 C = Inter-level travel time spent in this place.
 D = Time resting spent in this place.
 E = Time spent auto-exploring this place.
 F = Levels seen in this place.
 G = Mean time per level.
                   A        B        C        D        E       F      G
               +--------+--------+--------+--------+--------+-----+--------+
         Total |   2576 |   2424 |    152 |      0 |   1959 |   4 |  644.0 |
       Dungeon |   2576 |   2424 |    152 |      0 |   1959 |   4 |  644.0 |
               +--------+--------+--------+--------+--------+-----+--------+

Top non-repeatable levels by time:
     D:2: 915 daAuts
     D:3: 911 daAuts
     D:1: 747 daAuts
     D:4: 2 daAuts
